 Dungeon Crawl Stone Soup version 0.20-a0-795-ga03948b (webtiles) character file.

67 Alarkh the Slasher (level 4, -10/35 HPs)
             Began as a Demonspawn Monk on Mar 2, 2017.
             Killed by nerve-wracking pain
             ... invoked by Alarkh's ghost
              (12 damage)
             ... on level 3 of the Dungeon.
             The game lasted 00:02:03 (3126 turns).

Alarkh the Slasher (Demonspawn Monk)                Turns: 3126, Time: 00:02:04

Health: -10/35     AC:  3    Str: 10 (12) XL:     4   Next: 0%
Magic:  4/4        EV: 13    Int:  9 (12) God:
Gold:   109        SH:  0    Dex: 12 (15) Spells: 3/3 levels left

rFire    . . .     SeeInvis .   a - +0 falchion
rCold    . . .     Gourm    .   b - +0 robe
rNeg     . . .     Faith    .   (no shield)
rPois    .         Spirit   .   (helmet restricted)
rElec    .         Reflect  .   q - +0 cloak
rCorr    .         Harm     .   (no gloves)
MR       .....     Rnd*Tele +   (no boots)
Stlth    ++........             (no amulet)
Regen    0.2/turn               (no ring)
MPRegen  0.1/turn               o - ring of teleportation (curse)

@: no status effects
A: antennae 1
a: no special abilities


You were on level 3 of the Dungeon.
You were not hungry.

You visited 1 branch of the dungeon, and saw 3 of its levels.

You collected 109 gold pieces.

Inventory:

Hand Weapons
 a - a +0 falchion (weapon)
Armour
 b - a +0 robe (worn)
 k - a scarf of cold resistance
 q - a +0 cloak (worn)
Jewellery
 o - a cursed ring of teleportation (left hand)
Scrolls
 e - 2 scrolls of identify
 g - a scroll of amnesia {unknown}
 j - a scroll of remove curse {unknown}
 l - a scroll of teleportation {unknown}
 n - a scroll of random uselessness {unknown}
 r - a scroll of recharging {unknown}
Potions
 i - 2 potions of resistance
 m - a potion of haste
 p - a potion of curing
 t - a potion of degeneration
Books
 s - a book of Minor Magic

   Spells                             Type                      Level
   a - Magic Dart                     Conjuration                  1
   b - Blink                          Translocation                2
   c - Call Imp                       Summoning                    2
   d - Slow                           Hexes                        2
   e - Conjure Flame                  Conjuration/Fire             3
   f - Mephitic Cloud                 Conjuration/Poison/Air       3
Comestibles
 c - 3 bread rations
 d - 7 fruits
 f - a chunk of flesh
 v - a meat ration


   Skills:
 + Level 3.4 Fighting
 * Level 3.8 Long Blades
 + Level 3.1 Dodging
 - Level 1.7 Stealth


You had 3 spell levels left.
You didn't know any spells.

Dungeon Overview and Level Annotations

Branches:
Dungeon (3/15)

Altars:
Cheibriados

Annotations:
D:3 Alarkh's ghost, amateur DsNe


Innate Abilities, Weirdness & Mutations

You have a pair of small antennae on your head.


Message History

Alarkh's ghost closely misses you.
You riposte.
You hit Alarkh's ghost but do no damage.
You closely miss Alarkh's ghost.
Alarkh's ghost gestures at you while chanting.
Pain shoots through your body!
* * * LOW HITPOINT WARNING * * *
You hit Alarkh's ghost.
Alarkh's ghost is lightly damaged.
Alarkh's ghost hits you.
* * * LOW HITPOINT WARNING * * *
You barely miss Alarkh's ghost.
Alarkh's ghost is lightly damaged.
Alarkh's ghost barely misses you.
You riposte.
You hit Alarkh's ghost but do no damage.
Alarkh's ghost is lightly damaged.
You barely miss Alarkh's ghost.
Alarkh's ghost is lightly damaged.
Alarkh's ghost casts a spell at you. Pain shoots through your body!
You die...

.. #J#
.. ...
.##.# #
# ..#.#
.#.
#.#.#
#.#
#.#.#
#.#
#.##.#.#
#.#
#..W@..#
#.# .
####.###
#.# .
#.# #.#
#.#
###.####
..#
#......#
.# ###
#.#.##.#
..
#.#.#...
.# .#
#.#.....
.# ..
#.###...


You could see Alarkh's ghost.

Vanquished Creatures
  An adder (D:2)
  4 worms (D:2)
  3 dart slugs
  7 bats
  5 giant cockroaches
  A goblin (D:1)
  4 hobgoblins
  2 jackals (D:1)
  A ball python (D:2)
  A frilled lizard (D:1)
  6 kobolds
  6 rats
41 creatures vanquished.

Notes
Turn   | Place    | Note
-------+----------+-------------------------------------------
     0 | D:1      | Alarkh the Demonspawn Monk began the quest for the Orb.
     0 | D:1      | Reached XP level 1. HP: 18/18 MP: 1/1
   150 | D:1      | Gained mutation: You have a pair of small antennae on your head. [demonic ancestry]
   150 | D:1      | Reached XP level 2. HP: 16/24 MP: 2/2
  1258 | D:2      | Reached XP level 3. HP: 29/29 MP: 3/3
  2592 | D:2      | Found a snail-covered altar of Cheibriados.
  2806 | D:3      | Noticed Alarkh's ghost (amateur DsNe)
  3098 | D:3      | Reached XP level 4. HP: 35/35 MP: 4/4
  3124 | D:3      | HP: 1/35 [Alarkh's ghost (1)]
  3126 | D:3      | Killed from afar by Alarkh's ghost

Vault maps used:
D:1:      evilmike_arrival_rings
D:2:      cheibriados_altar_1
D:3:      minivault_19, roderic_curled_sauvastika

Skill      XL: |  1  2 |
---------------+-------+-----
Long Blades    | 3 |  3.8
Dodging        | 3 |  3.1
Fighting       | |  3.4
Stealth        | |  1.7

Action                   |  1- 3 |  4- 6 || total
-------------------------+-------+-------++-------
Melee: Falchion          |   152 |     9 ||   161
  Use: Scroll            |     1 |       ||     1
       Potion            |     5 |       ||     5
 Stab: Sleeping          |     4 |       ||     4
  Eat: Chunk             |     7 |       ||     7
Armor: Robe              |    33 |       ||    33
Dodge: Dodged            |   110 |     4 ||   114
       Rpst.: Falchion   |    44 |     3 ||    47
